[ AOE2 MATCH · #507311159 ]
UnrankedAztecs vs Italians
Player's team · WIN
Rival team · LOSS
[ REPLAY ANALYSIS · EXTRACTED FROM THE RECORDED GAME ]
Feudal
—
Castle
—
Imperial
—
| APM avg | 56.4 |
| APM peak | 70 |
| eAPM avg | 25.5 |
| Villagers / military | 19 / 5 |
Focus
⚔️ 40.6% · 🌾 59.4%
Militia ×5
Feudal
—
Castle
—
Imperial
—
| APM avg | 70.9 |
| APM peak | 90 |
| eAPM avg | 18.0 |
| Villagers / military | 17 / 0 |
Focus
⚔️ 43.2% · 🌾 56.8%
Match map
Initial resources + every placement click. Lines = walls · curves = elevation contours. ◆ gold · ⬟ stone · ● berries · ✦ relic · ◌ wall gap
Your base
Karl Marximal's base
Smoothed initial terrain · ◌ = detected wall gap · hover for details
Inputs per minute
— Philippvs II - - Karl Marximal
Build order — Philippvs II
31 actions detected in the replay
| 0:02 | Queue | Villager (Male) |
| 0:02 | Queue | Villager (Male) |
| 0:03 | Build | House |
| 0:05 | Build | House |
| 0:06 | Build | House |
| 0:09 | Queue | Villager (Male) |
| 0:10 | Queue | Villager (Male) |
| 1:36 | Queue | Villager (Male) |
| 1:36 | Queue | Villager (Male) |
| 2:09 | Research | Loom |
| 2:23 | Queue | Villager (Male) |
| 2:39 | Build | Barracks |
| 2:50 | Queue | Villager (Male) |
| 2:50 | Queue | Villager (Male) |
| 3:24 | Queue | Villager (Male) |
| 3:39 | Queue | Militia |
| 3:51 | Queue | Militia |
| 3:57 | Queue | Villager (Male) |
| 4:09 | Queue | Militia |
| 4:25 | Queue | Villager (Male) |
| 4:38 | Queue | Villager (Male) |
| 4:44 | Queue | Militia |
| 4:47 | Queue | Villager (Male) |
| 5:08 | Queue | Villager (Male) |
| 5:13 | Queue | Militia |
| 5:15 | Queue | Villager (Male) |
| 5:20 | Build | House |
| 5:53 | Queue | Villager (Male) |
| 6:29 | Queue | Villager (Male) |
| 7:08 | Queue | Villager (Male) |
| 7:14 | Build | Lumber Camp |
Build order — Karl Marximal
27 actions detected in the replay
| 0:02 | Queue | Villager (Male) |
| 0:02 | Queue | Villager (Male) |
| 0:02 | Queue | Villager (Male) |
| 0:03 | Queue | Villager (Male) |
| 0:03 | Queue | Villager (Male) |
| 0:05 | Build | House |
| 0:07 | Build | House |
| 1:36 | Queue | Villager (Male) |
| 1:51 | Build | Lumber Camp |
| 1:59 | Queue | Villager (Male) |
| 2:26 | Queue | Villager (Male) |
| 2:54 | Queue | Villager (Male) |
| 2:57 | Build | House |
| 3:21 | Queue | Villager (Male) |
| 3:31 | Build | House |
| 3:36 | Queue | Villager (Male) |
| 4:01 | Queue | Villager (Male) |
| 4:18 | Queue | Villager (Male) |
| 4:53 | Build | Mill |
| 5:09 | Queue | Villager (Male) |
| 5:25 | Queue | Villager (Male) |
| 5:52 | Research | Loom |
| 6:21 | Research | Feudal Age |
| 6:53 | Build | House |
| 7:13 | Queue | Villager (Male) |
| 7:30 | Build | Barracks |
| 7:33 | Queue | Villager (Male) |
Match timeline
| 2:39 | Philippvs II · first_building Barracks |
| 7:30 | Karl Marximal · first_building Barracks |
| 8:04 | Karl Marximal · resign |
[ AI ANALYSIS · 1 CREDIT ]
What really happened in this match?
Wolo.gg analyzes every decision: build order, eco, micro, common mistakes by bracket. Personalized analysis on WhatsApp or Discord in 30 seconds.
Civ guide
Aztecs
Perfil
Jugador #5601832